 Dungeon Crawl Stone Soup version 0.25-a0-388-g41a7e55 (webtiles) character file.

Game seed: 6828965877717261212, levelgen mode: deterministic

35137 Birdy the Imperceptible (level 13, 0/58 HPs)
             Began as a Vine Stalker Assassin on Jan 8, 2020.
             Was a High Priest of Wu Jian.
             Slain by a minotaur (24 damage)
             ... in a Gauntlet.
             The game lasted 00:39:34 (13012 turns).

Birdy the Imperceptible (Vine Stalker Assassin)    Turns: 13012, Time: 00:39:35

Health: 0/58       AC: 17    Str: 15    XL:     13   Next: 81%
Magic:  0/28       EV: 20    Int: 16    God:    Wu Jian [*****.]
Gold:   626        SH:  9    Dex: 25    Spells: 32/32 levels left

rFire    . . .     SeeInvis .   j - +6 short sword (speed)
rCold    + . .     Gourm    .   l - +3 buckler {AC+3}
rNeg     + . .     Faith    .   p - +0 leather armour
rPois    +         Spirit   +   b - +2 helmet of the Skies Above {rC+ rN+ MR+}
rElec    .         Reflect  .   S - scarf {repulsion}
rCorr    .         Harm     .   D - +1 pair of gloves
MR       +....     NoTele   +   g - +0 pair of boots
Stlth    +++++++++.             (no amulet)
HPRegen  0.99/turn              a - ring of Mawkaw {MR- AC+5 Int+5}
MPRegen  0.21/turn              n - ring of poison resistance

@: agile, repel missiles
A: fangs 3, regeneration 2, magic shield, antimagic bite, no potion heal 3, rot
immunity
a: Wall Jump, Serpent's Lash, Heavenly Storm, Renounce Religion


You were in a Gauntlet.
You worshipped Wu Jian.
Wu Jian was extremely pleased with you.
You were not hungry.

You visited 2 branches of the dungeon, and saw 15 of its levels.
You also visited: Gauntlet.

You collected 891 gold pieces.
You spent 265 gold pieces at shops.

Inventory:

Hand Weapons
 j - a +6 short sword of speed (weapon)
 o - the cursed +0 glaive "Newtslayer" {pain, rElec MR+ Dex+4, unknown}
   (You found it on level 5 of the Lair of Beasts)

   In the hands of one skilled in necromantic magic, it inflicts extra damage on
   living creatures.
   It affects your dexterity (+4).
   It insulates you from electricity.
   It affects your resistance to hostile enchantments.
   It has a curse placed upon it.
 v - the +9 falchion of Destruction {elec, rF++ Int+4 Dex+3 SInv, unknown}
   (You found it in a Gauntlet)

   Occasionally, upon striking a foe, it will discharge some electrical energy
   and cause terrible harm.
   It affects your intelligence (+4).
   It affects your dexterity (+3).
   It greatly protects you from fire.
   It lets you see invisible.
 H - a +1 dagger of venom
Missiles
 d - 90 poisoned darts (quivered)
 e - 2 curare-tipped darts
 N - 3 throwing nets
Armour
 b - the +2 helmet of the Skies Above (worn) {rC+ rN+ MR+}
   (You found it in a Gauntlet)

   It protects you from cold.
   It protects you from negative energy.
   It affects your resistance to hostile enchantments.
 c - a +0 cloak
 g - a +0 pair of boots (worn)
 i - a +1 helmet
 l - a +3 buckler of protection (worn)
 p - a +0 leather armour (worn)
 q - a +2 shield
 D - a +1 pair of gloves (worn)
 F - a +1 buckler of protection
 P - a +1 helmet of intelligence
 S - a scarf of repulsion (worn)
Jewellery
 a - the ring of Mawkaw (left hand) {MR- AC+5 Int+5}
   (You found it on level 5 of the Dungeon)

   [ring of protection]

   It affects your AC (+5).
   It affects your intelligence (+5).
   It affects your resistance to hostile enchantments.
 k - an uncursed ring of protection from cold
 n - a ring of poison resistance (right hand)
 r - an uncursed ring of resist corrosion {unknown}
 w - a +2 ring of slaying {unknown}
 y - an uncursed ring of magical power
 I - an uncursed amulet of faith {unknown}
 M - a cursed -3 ring of evasion {unknown}
Wands
 G - a wand of flame (24)
 Q - a wand of polymorph (12)
Scrolls
 s - 2 scrolls of amnesia
 u - 2 scrolls of teleportation
 x - a scroll of magic mapping
 B - a scroll of fog
Potions
 h - 3 potions of lignification
 m - a potion of resistance
 t - 2 potions of brilliance
 z - 3 potions of cancellation
 A - 3 potions of flight
 C - a potion of mutation {unknown}
 E - 2 potions of curing
Comestibles
 f - 23 rations


   Skills:
 - Level 2.0 Fighting
 - Level 7.0 Short Blades
 - Level 1.7 Throwing
 - Level 4.0 Dodging
 * Level 21.9 Stealth
 - Level 4.0 Shields
 - Level 10.1 Spellcasting


You had 32 spell levels left.
You didn't know any spells.
Your spell library contained the following spells:

 Spells                   Type           Power        Failure   Level  Hunger
 Animate Skeleton         Necr           N/A          11%         1    None
 Apportation              Tloc           #.....       11%         1    None
 Confusing Touch          Hex            #.....       11%         1    None
 Summon Small Mammal      Summ           #...         11%         1    None
 Summon Guardian Golem    Hex/Summ       #.......     32%         3    None
 Summon Hydra             Summ           #.........   100%        7    #######
 Dragon's Call            Summ           #.........   100%        9    #######


Dungeon Overview and Level Annotations

Branches:
Dungeon (9/15)             Temple (0/1) D:4            Lair (6/6) D:9
  Swamp (0/4) Lair:4        Snake (0/4) Lair:4        Slime (0/5) Lair:6
    Orc (0/2) D:9         Gauntlet (1/1)

Altars:
Ashenzari
Dithmenos
Elyvilon
Gozag
Hepliaklqana
Okawaru
Qazlal
Ru
Wu Jian
Xom
Yredelemnul

Shops:
D:4 =   D:5 %   D:8 *!=%:

Annotations:
D:6 2 transporters Gauntlet 10 transporters, 17 runed translucent doors


Innate Abilities, Weirdness & Mutations

You have razor-sharp teeth.
You heal very quickly.
When hurt, damage is shared between your health and your magic reserves.
Your bite disrupts and absorbs the magic of your enemies.
Potions cannot restore your health.
You are immune to rotting.


Message History

Your minotaur hits the minotaur!
Your minotaur closely misses the minotaur.
You see here a javelin.
Okay, then.
Evoke which item? (* to show all) (? for menu, Esc to quit)
Okay, then.
As you read the scroll of fog, it crumbles to dust.
The scroll dissolves into smoke.
Q - a wand of polymorph (12) (gained 6 charges)
There is a gate leading back out of this place, spattered with blood here.
Items here: ( ) | } 7 javelins; a crystal ball of energy; a club; a knobbly smoking staff You lunge at the minotaur, in a flurry of attacks.
You hit the minotaur but do no damage.
You bite the minotaur, but do no damage.
The minotaur is severely wounded.
You hit the minotaur but do no damage.
The minotaur is severely wounded.
The minotaur hits you!!
You die...

#..#≈8≈#######
#..#...##....#
####.8....##.#
#©.....##.##..
####.8.##....# ##.
#..#......##.##....
#..#.8.##.##....#
..≈#...##..H.######
..∩#.8....##H'§H@§#
..≈#..H##.##.######
#..#.8.##....# ##..
#..#......##.##....#
####.8.##.##....#
#©....H##..(.##.#
####.8....##.# ..
#..#.(.##.##(.. ##
#..#≈8≈#########


You could see a minotaur.

Vanquished Creatures
  Nessos (Lair:4)
  A green death (Gauntlet)
  Harold (D:9)
  2 catoblepae
  A swamp dragon (Lair:4)
  2 lindwurms (Lair:5)
  An oklob plant (Lair:1)
  A moth of wrath (Gauntlet)
  9 elephants (Lair:6)
  4 black mambas
  14 spiny frogs
  3 rime drakes
  3 komodo dragons
  A troll (D:9)
  A polar bear (Lair:5)
  A queen bee (D:9)
  5 hornets (Lair:5)
  8 blink frogs
  2 slime creatures (Gauntlet)
  6 hippogriffs
  4 redbacks (Gauntlet)
  4 basilisks
  22 yaks
  A hungry ghost (D:8)
  2 nagas (Lair:4)
  11 water moccasins
  9 porcupines
  A black bear (D:7)
  5 orc warriors
  A sky beast (D:6)
  2 ice beasts
  3 ogres
  A necrophage (D:8)
  7 wolves
  A phantom (D:7)
  4 centaurs
  2 big kobolds
  12 crocodiles
  16 bullfrogs
  A gnoll sergeant (D:8)
  A scorpion (D:7)
  29 killer bees
  3 howler monkeys (D:7)
  4 crimson imps
  8 jellies
  4 hounds
  4 bullfrog skeletons
  5 orc priests
  A centaur skeleton (D:6)
  5 iguanas
  Jessica (D:2)
  14 orc wizards
  4 worker ants
  2 hound zombies (D:8)
  4 hound skeletons
  Robin (D:2)
  7 gnolls (D:8)
  4 adders
  2 oozes
  5 worms
  A dart slug (D:1)
  6 leopard geckos
  37 orcs
  2 ball pythons
  A bat (D:1)
  2 giant cockroaches
  13 hobgoblins
  4 jackals (D:3)
  14 kobolds
  5 quokkas
  7 frilled lizards
  12 goblins
  A quokka skeleton (D:4)
  A quokka zombie (D:6)
  6 rats
  A plant (Lair:1)
397 creatures vanquished.

Vanquished Creatures (collateral kills)
  A hydra (Lair:6)
  An elephant (Lair:6)
  A spiny frog (Lair:6)
  A basilisk (Lair:6)
4 creatures vanquished.

Vanquished Creatures (others)
  A quokka (D:6)
  3 demonic plants (Gauntlet)
  8 fungi
  10 plants
  5 toadstools (D:1)
27 creatures vanquished.

Grand Total: 428 creatures vanquished

Notes
Turn   | Place    | Note
-------+----------+-------------------------------------------
     0 | D:1      | Birdy the Vine Stalker Assassin began the quest for the
                  | Orb.
     0 | D:1      | Reached XP level 1. HP: 11/11 MP: 2/2
   467 | D:1      | Reached skill level 5 in Stealth
   467 | D:1      | Reached XP level 2. HP: 9/15 MP: 1/3
   477 | D:1      | Reached skill level 1 in Dodging
  1369 | D:2      | Reached XP level 3. HP: 18/18 MP: 2/4
  1441 | D:2      | Found a faded altar of an unknown god.
  1719 | D:2      | Found an opulent altar of Gozag.
  1779 | D:2      | Gained mutation: Your natural rate of healing is unusually
                  | fast. [Vine Stalker growth]
  1779 | D:2      | Reached XP level 4. HP: 23/23 MP: 6/6
  1833 | D:2      | Noticed Robin
  1837 | D:2      | Reached skill level 1 in Spellcasting
  1838 | D:2      | Reached skill level 1 in Shields
  1856 | D:2      | Killed Robin
  1940 | D:2      | Noticed Jessica
  1949 | D:2      | Killed Jessica
  1949 | D:2      | Reached XP level 5. HP: 16/26 MP: 3/7
  2297 | D:3      | Found a hazy altar of Hepliaklqana.
  2383 | D:3      | Reached skill level 6 in Stealth
  2579 | D:3      | Found an ornate altar of the Wu Jian Council.
  2579 | D:3      | Found a shadowy altar of Dithmenos.
  2586 | D:3      | Became a worshipper of the Wu Jian Council
  2898 | D:4      | Noticed an ogre
  2902 | D:4      | Killed an ogre
  2902 | D:4      | Reached XP level 6. HP: 30/30 MP: 9/9
  3220 | D:4      | Found Cixic's Jewellery Boutique.
  3337 | D:4      | Got a heavily jewelled robe
  3451 | D:4      | Found a staircase to the Ecumenical Temple.
  3829 | D:5      | Entered Level 5 of the Dungeon
  3870 | D:5      | Noticed an ice beast
  3880 | D:5      | Reached XP level 7. HP: 35/35 MP: 11/11
  3896 | D:5      | Reached skill level 7 in Stealth
  3900 | D:5      | Identified the +0 robe of Inviolability {Dex+3} (You found
                  | it on level 4 of the Dungeon)
  4362 | D:5      | Found Wakleel's Food Emporium.
  4371 | D:5      | Got a clouded lead ring
  4619 | D:6      | Gained mutation: You have razor-sharp teeth. [Vine Stalker
                  | growth]
  4619 | D:6      | Reached XP level 8. HP: 39/39 MP: 11/13
  4643 | D:6      | Reached * piety under Wu Jian
  4650 | D:6      | Found a white marble altar of Elyvilon.
  4709 | D:6      | Found a transporter.
  4719 | D:6      | Reached skill level 8 in Stealth
  4744 | D:6      | Identified the ring of Mawkaw {MR- AC+5 Int+5} (You found
                  | it on level 5 of the Dungeon)
  4827 | D:6      | Found a transporter.
  4863 | D:6      | Reached skill level 5 in Short Blades
  5042 | D:6      | Reached skill level 9 in Stealth
  5157 | D:7      | Reached XP level 9. HP: 42/42 MP: 15/15
  5186 | D:7      | Reached ** piety under Wu Jian
  5358 | D:7      | Reached skill level 10 in Stealth
  5390 | D:7      | Found a shattered altar of Ashenzari.
  5757 | D:8      | Reached *** piety under Wu Jian
  5774 | D:8      | Found Maydene's General Store.
  5782 | D:8      | Found a basalt altar of Yredelemnul.
  5783 | D:8      | Found a sacrificial altar of Ru.
  5784 | D:8      | Found Diydon's Food Emporium.
  5811 | D:8      | Found an iron altar of Okawaru.
  5816 | D:8      | Bought a potion of curing for 42 gold pieces
  5816 | D:8      | Bought a scroll of fog for 28 gold pieces
  5819 | D:8      | Found a stormy altar of Qazlal.
  5832 | D:8      | Found Koosse's Jewellery Shop.
  5835 | D:8      | Found Geubroigus's Book Emporium.
  5840 | D:8      | Reached skill level 5 in Spellcasting
  5852 | D:8      | Reached skill level 11 in Stealth
  5852 | D:8      | Reached XP level 10. HP: 30/46 MP: 18/18
  6166 | D:8      | Found a shimmering altar of Xom.
  6185 | D:8      | Found Aghydd's Distillery.
  6201 | D:8      | Bought a potion of flight for 39 gold pieces
  6201 | D:8      | Bought a potion of agility for 52 gold pieces
  6201 | D:8      | Bought a potion of cancellation for 104 gold pieces
  6432 | D:9      | Reached skill level 12 in Stealth
  6436 | D:9      | Reached **** piety under Wu Jian
  6468 | D:9      | Noticed Harold
  6496 | D:9      | Killed Harold
  6579 | D:9      | Reached skill level 13 in Stealth
  6598 | D:9      | Found a staircase to the Orcish Mines.
  6700 | D:9      | Reached XP level 11. HP: 36/50 MP: 23/23
  6703 | D:9      | Reached skill level 14 in Stealth
  7062 | D:9      | Found a staircase to the Lair.
  7072 | Lair:1   | Entered Level 1 of the Lair of Beasts
  7204 | Lair:1   | Noticed an oklob plant
  7847 | Lair:1   | Killed an oklob plant
  7847 | Lair:1   | Reached skill level 15 in Stealth
  9000 | Lair:3   | Reached skill level 16 in Stealth
  9005 | Lair:3   | Reached ***** piety under Wu Jian
  9011 | Lair:3   | Gained mutation: You heal very quickly. [Vine Stalker
                  | growth]
  9011 | Lair:3   | Reached XP level 12. HP: 24/54 MP: 26/26
  9232 | Lair:3   | Reached skill level 17 in Stealth
  9828 | Lair:4   | Noticed Nessos
  9835 | Lair:4   | Killed Nessos
  9835 | Lair:4   | Reached skill level 10 in Spellcasting
  9861 | Lair:4   | Found a staircase to the Snake Pit.
 10001 | Lair:4   | Found a staircase to the Swamp.
 10038 | Lair:4   | Reached skill level 18 in Stealth
 10345 | Lair:4   | Noticed a catoblepas
 10443 | Lair:4   | Reached skill level 19 in Stealth
 10732 | Lair:4   | Killed a catoblepas
 10911 | Lair:5   | Reached XP level 13. HP: 58/58 MP: 28/28
 11132 | Lair:5   | Got a twisted glaive
 11177 | Lair:5   | Reached skill level 20 in Stealth
 11808 | Lair:6   | Entered Level 6 of the Lair of Beasts
 11877 | Lair:6   | Reached skill level 21 in Stealth
 12162 | Lair:6   | Found a gate leading to a gauntlet.
 12171 | Gauntlet | Entered a Gauntlet
 12171 | Gauntlet | Found a transporter.
 12171 | Gauntlet | Found a transporter.
 12171 | Gauntlet | Found a large runed translucent door.
 12171 | Gauntlet | Found a large runed translucent door.
 12171 | Gauntlet | Found a large runed translucent door.
 12171 | Gauntlet | Found a large runed translucent door.
 12171 | Gauntlet | Found a large runed translucent door.
 12171 | Gauntlet | Found a large runed translucent door.
 12171 | Gauntlet | Found a runed translucent door.
 12171 | Gauntlet | Found a runed translucent door.
 12171 | Gauntlet | Found a large runed translucent door.
 12171 | Gauntlet | Found a large runed translucent door.
 12171 | Gauntlet | Found a large runed translucent door.
 12171 | Gauntlet | Found a large runed translucent door.
 12171 | Gauntlet | Found a large runed translucent door.
 12171 | Gauntlet | Found a large runed translucent door.
 12175 | Gauntlet | Found a transporter.
 12175 | Gauntlet | Found a transporter.
 12180 | Gauntlet | Found a large runed translucent door.
 12180 | Gauntlet | Found a large runed translucent door.
 12181 | Gauntlet | Found a runed translucent gate.
 12181 | Gauntlet | Found a runed translucent gate.
 12183 | Gauntlet | Found a transporter.
 12185 | Gauntlet | Found a runed translucent gate.
 12205 | Gauntlet | Found a transporter.
 12252 | Gauntlet | Found a transporter.
 12268 | Gauntlet | Found a transporter.
 12281 | Gauntlet | Found a transporter.
 12298 | Gauntlet | Found a transporter.
 12361 | Gauntlet | Found a large runed translucent door.
 12361 | Gauntlet | Found a large runed translucent door.
 12379 | Gauntlet | Found a transporter.
 12394 | Gauntlet | Noticed a green death
 12395 | Gauntlet | Found a transporter.
 12408 | Gauntlet | Found a transporter.
 12501 | Gauntlet | Found a transporter.
 12511 | Gauntlet | Found a transporter.
 12535 | Gauntlet | Found a transporter.
 12852 | Gauntlet | Killed a green death
 12876 | Gauntlet | Got a warped helmet
 12919 | Gauntlet | Got a twisted falchion
 12930 | Gauntlet | Identified the +2 helmet of the Skies Above {rC+ rN+ MR+}
                  | (You found it in a Gauntlet)
 12969 | Gauntlet | Noticed a minotaur
 13000 | Gauntlet | Identified Pakoanea's Reference Book on Creation
 13012 | Gauntlet | Slain by a minotaur

Levels and vault maps discovered:
D:1:      ldierk_walled_garden, layout_basic
D:2:      layout_loops_ring, nicolae_gozag_cash_rules_everything_around_me,
          chequers_ecumenical_altar_simple, uniq_jessica, uniq_robin
D:3:      layout_loops_ring, amethyst_overflow_temple_binary, lemuel_round_altar
D:4:      layout_basic, minmay_temple_entry_statues_fountains, serial_shops,
          nicolae_shop_stone, hangedman_decor_growths, minmay_misc_feat_alley
D:5:      layout_cave_pods, serial_shops, shop, first_ration
D:6:      gammafunk_cloud_chamber, layout_loops_ring, elyvilon_altar_4,
          lemuel_coloured_pillars_altar, uniq_eustachio
D:7:      layout_rooms, nicolae_ashenzari_panopticon
D:8:      layout_cave_pools, chequers_temple_overflow_statue_of_worship,
          xom_teletrap_fun, serial_shops, shop, nicolae_shop_trees, shop,
          nicolae_shop_stone, shop
D:9:      layout_rooms, lair_entry_dummy, orc_0_dummy, david_nohive_1,
          uniq_harold
Lair:1:   layout_cave_pods, grunt_megastairs_4, minmay_lair_oklob_chamber,
          lemuel_fruit_tree
Lair:2:   layout_long_grid, fungi_pond_lemuel, minivault_23, st_stairs_4
Lair:3:   layout_gridlike
Lair:4:   layout_loops_ring, minmay_swamp_entry_reptiles,
          guppyfry_snake_entry_island, st_stairs_4, uniq_nessos
Lair:5:   cheibrodos_lair_overgrown_chateau, layout_regular_city, st_stairs_7,
          patterned_corridor
Lair:6:   grunt_lair_end_beastmaster, layout_cave_shapes,
          minmay_slime_entry_jelly_boxes, special_room [special_room_bee],
          gauntlet_entry_generic, serial_bayou_shore_a
Gauntlet: gammafunk_gauntlet_branching
          [minmay_gauntlet_arena_make_your_own_arena,
          nicolae_gauntlet_arena_quarters, gammafunk_gauntlet_arena_grid,
          nicolae_gauntlet_arena_flowing_pool,
          gammafunk_gauntlet_arena_chambers, nicolae_gauntlet_arena_x,
          nicolae_gauntlet_swirl, gammafunk_gauntlet_arena_mazey,
          gauntlet_exit_green]

Skill      XL: |  1  2  3  4  5  6  7  8  9 10 11 12 13 |
---------------+----------------------------------------+-----
Short Blades   | 2 3 4 5 7 |  7.0
Stealth        | 5 6 7 9 11 13 16 19 21 | 21.9
Dodging        | 1 2 3 4 |  4.0
Fighting       | 2 |  2.0
Spellcasting   | 1 2 3 5 7 9 10 | 10.1
Shields        | 1 2 3 4 |  4.0
Throwing       | |  1.7

Action                   |  1- 3 |  4- 6 |  7- 9 | 10-12 | 13-15 || total
-------------------------+-------+-------+-------+-------+-------++-------
Melee: Dagger            |    34 |       |       |       |       ||    34
       Bite              |    20 |    30 |   125 |   318 |   150 ||   643
       Short sword       |    47 |   123 |   373 |   830 |   380 ||  1753
Invok: Lunge             |       |     2 |    28 |    44 |    16 ||    90
       Whirlwind         |       |       |    38 |   116 |    72 ||   226
       Serpent's Lash    |       |       |       |     1 |     1 ||     2
       Heavenly Storm    |       |       |       |     1 |       ||     1
 Abil: Wall Jump         |       |       |       |     3 |       ||     3
Evoke: Wand              |       |       |       |     6 |    34 ||    40
       Phantom mirror    |       |       |       |       |     1 ||     1
  Use: Scroll            |     5 |     4 |     5 |     7 |     8 ||    29
       Potion            |       |       |       |     4 |     4 ||     8
 Stab: Sleeping          |     5 |     3 |    17 |    27 |    12 ||    64
       Distracted        |       |       |     1 |     2 |       ||     3
       Invisible         |       |       |       |    16 |       ||    16
       Paralysed         |       |       |       |     1 |     7 ||     8
  Eat: Chunk             |     1 |     6 |     9 |    18 |     5 ||    39
       Ration            |       |       |       |       |     1 ||     1
Armor: Robe              |    11 |    16 |    56 |    50 |       ||   133
       Leather armour    |       |     4 |     1 |    46 |    73 ||   124
Dodge: Dodged            |    25 |    30 |   110 |   220 |   132 ||   517
       Deflected         |       |       |       |       |     2 ||     2
Block: Buckler           |     4 |    18 |    83 |   140 |    90 ||   335

Table legend:
 A = Non-vault XP
 B = Vault XP
 C = Vault XP percentage of total XP
 D = Non-vault monster count
 E = Vault monster count
 F = Vault count percentage of total count
                 A         B        C        D         E       F
            +---------+---------+-------+---------+---------+-------
      Total |   33718 |   16479 |  32.8 |     324 |      76 |  19.0
            +---------+---------+-------+---------+---------+-------
        D:1 |      28 |       0 |   0.0 |      14 |       0 |   0.0
        D:2 |      85 |      73 |  46.2 |      27 |      13 |  32.5
        D:3 |      48 |       0 |   0.0 |      15 |       0 |   0.0
        D:4 |     357 |       0 |   0.0 |       6 |       0 |   0.0
        D:5 |     555 |       0 |   0.0 |      19 |       0 |   0.0
        D:6 |    1157 |       0 |   0.0 |      30 |       0 |   0.0
        D:7 |    1467 |       0 |   0.0 |      29 |       0 |   0.0
        D:8 |    1959 |       0 |   0.0 |      52 |       0 |   0.0
        D:9 |    2065 |    2274 |  52.4 |      27 |      17 |  38.6
     Lair:1 |    1126 |    1606 |  58.8 |       5 |       8 |  61.5
     Lair:2 |    1870 |     389 |  17.2 |      11 |       1 |   8.3
     Lair:3 |    5893 |       0 |   0.0 |      25 |       0 |   0.0
     Lair:4 |    6543 |    3593 |  35.4 |      31 |       8 |  20.5
     Lair:5 |    3168 |    5669 |  64.2 |      12 |      19 |  61.3
     Lair:6 |    7123 |       0 |   0.0 |      20 |       0 |   0.0
   Gauntlet |     274 |    2875 |  91.3 |       1 |      10 |  90.9
            +---------+---------+-------+---------+---------+-------
